Map: Simulacrum LE

Players

Rogue - Winner!

  • Race: Zerg Zerg
  • Spawn Location: 5:00

Zest

  • Race: Protoss Protoss
  • Spawn Location: 11:00

Event: IEM Katowice 2020

VOD

Have the link to the VOD?

Description

Time

  • Played on: March 1, 2020, 7:11 a.m.
  • Length: 5:06

All games in this series

Show
View Real Time Build Order
Export as new Build Order

Rogue Zerg - Winner!

Build Orders: Hatch First, Zergling Baneling 

Get SALT Encoding   

  12  0:00  Drone  
  13  0:11  Overlord  
  13  0:16  Drone  
  14  0:30  Drone x2  
  16  0:47  Drone x2  
  18  0:56  Hatchery  
  17  0:59  Drone  
  17  1:00  Extractor  
  17  1:13  Spawning Pool  
  17  1:15  Drone  
  17  1:19  Drone  
  18  1:27  Drone  
  19  1:39  Drone  
  20  1:48  Overlord  
  20  2:00  Zergling x2  
  21  2:06  Queen  
  21  2:08  Zergling x2, Queen  
  25  2:09  Metabolic Boost  
  25  2:11  Drone  
  27  2:21  Drone x2  
  29  2:30  Zergling x2  
  30  2:42  Hatchery  
  29  2:49  Baneling Nest  
  28  2:52  Zergling x6  
  31  3:00  Overlord  
  31  3:02  Zergling x2  
  32  3:07  Zergling x2  
  33  3:20  Zergling x8  
  33  3:21  Zergling x2  
  33  3:22  Zergling x2  
  39  3:32  Overlord  
  39  3:41  Baneling x6  
  39  3:42  Baneling  
  39  3:43  Zergling x2  
  39  3:44  Zergling x2  
  39  3:48  Baneling  
  41  3:53  Zergling x4  
  41  3:55  Zergling x2  
  44  3:58  Zergling x2  
  44  3:59  Zergling x2  
  46  4:03  Zergling x2  
  46  4:08  Zergling x2  
  46  4:09  Zergling x2  
  46  4:11  Zergling x2  
  46  4:14  Zergling x2  
  49  4:17  Zergling x2  
  49  4:22  Zergling x2  
  49  4:23  Zergling x2  
  48  4:25  Zergling x2  
  48  4:28  Zergling x2  
  48  4:37  Zergling x4, Baneling x2  
  47  4:39  Zergling x2  
  47  4:48  Zergling x6  
Show
View Real Time Build Order
Export as new Build Order

Zest Protoss 

Build Orders: 1 Gate Expand 

Get SALT Encoding   

  12  0:00  Probe  
  13  0:14  Pylon  
  13  0:17  Probe (Chrono Boost)  
  15  0:29  Probe (Chrono Boost)  
  15  0:34  Probe (Chrono Boost)  
  16  0:38  Gateway  
  16  0:43  Probe  
  16  0:49  Assimilator  
  17  0:56  Probe  
  18  1:08  Probe  
  19  1:20  Probe  
  19  1:25  Nexus  
  20  1:36  Cybernetics Core  
  20  1:38  Probe  
  21  1:47  Assimilator  
  21  1:50  Probe  
  21  1:52  Pylon  
  22  2:02  Probe  
  23  2:09  Adept (Chrono Boost)  
  23  2:14  Probe  
  26  2:22  Warp Gate  
  26  2:27  Probe (Chrono Boost)  
  27  2:32  Stalker  
  27  2:36  Twilight Council  
  29  2:37  Probe (Chrono Boost)  
  31  2:45  Probe (Chrono Boost)  
  31  2:46  Probe (Chrono Boost)  
  33  2:51  Probe (Chrono Boost)  
  33  2:52  Probe, Robotics Facility  
  34  3:02  Gateway  
  34  3:05  Probe  
  35  3:07  Resonating Glaives (Chrono Boost)  
  35  3:17  Gateway  
  35  3:22  Gateway  
  35  3:25  Probe  
  35  3:26  Probe  
  37  3:35  Warp Prism (Chrono Boost)  
  37  3:40  Pylon  
  39  3:42  Probe  
  40  3:51  Probe  
  40  3:54  Probe  
  42  4:00  Assimilator  
  42  4:07  Probe x2  
  42  4:11  Adept x3  
  41  4:33  Adept  
  36  4:40  Adept  
  34  4:51  Adept  
  33  4:56  Sentry  

Tags
 
Add a new tag
Caveats
  • Supply blocks, unpowered buildings, or Contaminate may cause inaccurate times.
  • Supply counts are checked every 10 seconds.